 Dungeon Crawl Stone Soup version 0.21-a0-437-ge5bf024 (webtiles) character file.

583 kiturien the Zephyrmancer (level 7, -5/39 HPs)
             Began as a Tengu Air Elementalist on Nov 9, 2017.
             Shot with an arrow by a centaur (17 damage)
             ... on level 5 of the Dungeon.
             The game lasted 00:24:44 (4228 turns).

kiturien the Zephyrmancer (Tengu Air Elementalist)  Turns: 4228, Time: 00:24:45

Health: -5/39      AC:  2    Str:  8    XL:     7   Next: 37%
Magic:  14/15      EV: 13    Int: 17    God:
Gold:   341        SH:  4    Dex: 22    Spells: 6/16 levels left

rFire    . . .     SeeInvis .   t - +2 spear "Killer Bee's Regret" {pierce, +Fly rC+ Dex+7 Stlth+}
rCold    + + .     Gourm    .   (no shield)
rNeg     . . .     Faith    .   a - +0 robe
rPois    .         Spirit   .   (helmet restricted)
rElec    .         Reflect  .   (no cloak)
rCorr    .         Harm     .   (no gloves)
MR       .....                  (boots unavailable)
Stlth    +++.......             v - amulet of magic regeneration
HPRegen  0.13/turn              n - ring of wizardry
MPRegen  0.39/turn              (no ring)

@: no status effects
A: beak, talons 3, large bone plates 1, cold resistance 1, mutation resistance
1, robust 1, able to fly 1
a: Fly, Evoke Flight


You were on level 5 of the Dungeon.
You were hungry.

You visited 1 branch of the dungeon, and saw 5 of its levels.

You collected 341 gold pieces.

Inventory:

Hand Weapons
 d - a +0 long sword
 t - the +2 spear "Killer Bee's Regret" (weapon) {pierce, +Fly rC+ Dex+7 Stlth+}
   (You found it on level 4 of the Dungeon)

   It inflicts extra damage upon your enemies.
   It affects your dexterity (+7).
   It protects you from cold.
   It lets you fly.
   It makes you more stealthy.
Missiles
 h - 5 javelins (quivered)
Armour
 a - a +0 robe (worn)
Jewellery
 n - a ring of wizardry (left hand)
 v - an amulet of magic regeneration (around neck)
Scrolls
 e - 2 scrolls of fear {unknown}
 g - 2 scrolls of recharging
 k - 5 scrolls of remove curse
 m - 4 scrolls of amnesia
 o - a scroll of blinking {unknown}
 r - 2 scrolls of teleportation {unknown}
 y - a scroll of identify
Potions
 i - a potion of flight
 j - 4 potions of lignification
 l - a potion of mutation
 p - 2 potions of berserk rage {unknown}
 q - a potion of haste {unknown}
 s - a potion of heal wounds {unknown}
 u - a potion of magic {unknown}
 w - 2 potions of curing {unknown}
 x - a potion of degeneration {unknown}
Books
 b - a book of Air

   Spells                             Type                      Level
   a - Shock                          Conjuration/Air              1
   b - Swiftness                      Charms/Air                   2
   c - Static Discharge               Conjuration/Air              3
   d - Airstrike                      Air                          4
   e - Lightning Bolt                 Conjuration/Air              5
Comestibles
 c - 7 bread rations
 f - 3 fruits
 z - 13 chunks of flesh
 A - a meat ration


   Skills:
 - Level 2.3 Dodging
 - Level 2.0 Stealth
 + Level 5.2 Spellcasting
 - Level 1.4 Conjurations
 - Level 8.1 Air Magic


You had 6 spell levels left.
You knew the following spells:

 Your Spells              Type           Power        Failure   Level  Hunger
a - Shock                 Conj/Air       ###.         1%          1    None
b - Swiftness             Chrm/Air       ###.....     1%          2    #......
c - Static Discharge      Conj/Air       ###.....     2%          3    ###....
d - Airstrike             Air            ####......   1%          4    ####...


Dungeon Overview and Level Annotations

Branches:
Dungeon (5/15)
 Temple: D:4-7

Altars:
Cheibriados
Dithmenos
Gozag
Hepliaklqana
Ru
Trog
Uskayaw
The Shining One


Innate Abilities, Weirdness & Mutations

You have a beak for a mouth.
You have claws for feet.
You can fly.
You are partially covered in large bone plates. (SH +4)
Your flesh is cold resistant. (rC+)
You are somewhat resistant to further mutation.
You are robust. (+10% HP)


Message History

The zap hits the centaur.
The centaur is moderately wounded.
The centaur shoots an arrow.
The arrow hits you!
A jackal skeleton comes into view.
The centaur shoots an arrow.
You block the arrow.
You see here an arrow.
The centaur shoots an arrow.
The arrow hits you!
You see here an arrow.
Casting: Shock
Confirm with . or Enter, or press ? or * to list all spells.
Aiming: Shock
Press: ? - help, Shift-Dir - straight line, f/p - centaur
Aim: a centaur, wielding a shortbow (moderately wounded)
The zap hits the centaur.
The centaur is moderately wounded.
The zap hits the centaur.
The centaur is severely wounded.
The centaur shoots an arrow.
The arrow hits you!
The centaur shoots an arrow.
The arrow hits you!
You die...

#.. #. ..#
#.c##. ##[.#
#...#. .#....
#..... .....#
#...###.....# #
#..(#....# .
##....Z..# ###
#.#####c####...
.. #...(@..# #
######.## .###
#.# ... #.#
.### #.# ....
##.## .###
##.#.## #.###.#
##.#.## ######


You could see a centaur and a jackal skeleton.

Vanquished Creatures
  An ogre (D:4)
  A phantom (D:4)
  The ghost of kiturien the Magician, an amateur TeAE of Kikubaaqudgha (D:3)
  A jelly (D:5)
  Jessica (D:2)
  4 worker ants
  9 adders
  A howler monkey skeleton (D:4)
  An ooze (D:3)
  2 dart slugs
  3 leopard geckos
  11 orcs
  7 bats
  4 giant cockroaches
  7 goblins
  10 hobgoblins
  7 jackals
  A quokka (D:5)
  2 ball pythons
  6 frilled lizards
  2 giant cockroach zombies
  7 kobolds
  A quokka skeleton (D:2)
  3 rats
  A plant (D:4)
94 creatures vanquished.

Notes
Turn   | Place    | Note
-------+----------+-------------------------------------------
     0 | D:1      | kiturien the Tengu Air Elementalist began the quest for the Orb.
     0 | D:1      | Reached XP level 1. HP: 10/10 MP: 4/4
    79 | D:1      | Reached XP level 2. HP: 15/15 MP: 1/6
   553 | D:1      | Reached XP level 3. HP: 14/19 MP: 4/8
   887 | D:2      | Found a bloodstained altar of Trog.
   953 | D:2      | Found a snail-covered altar of Cheibriados.
  1048 | D:2      | Noticed Jessica
  1052 | D:2      | Killed Jessica
  1063 | D:2      | Gained mutation: Armour fits poorly on your strangely shaped body. [potion of mutation]
  1063 | D:2      | Gained mutation: Your flesh is cold resistant. (rC+) [potion of mutation]
  1064 | D:2      | Lost mutation: Armour fits poorly on your strangely shaped body. [potion of mutation]
  1064 | D:2      | Lost mutation: Your flesh is cold resistant. (rC+) [potion of mutation]
  1064 | D:2      | Gained mutation: You are robust. (+10% HP) [potion of mutation]
  1064 | D:2      | Gained mutation: You are partially covered in large bone plates. (SH +4) [potion of mutation]
  1064 | D:2      | Gained mutation: Your flesh is cold resistant. (rC+) [potion of mutation]
  1064 | D:2      | Gained mutation: You are somewhat resistant to further mutation. [potion of mutation]
  1068 | D:2      | Learned a level 2 spell: Swiftness
  1072 | D:2      | Learned a level 3 spell: Static Discharge
  1115 | D:2      | Found a glowing golden altar of the Shining One.
  1160 | D:2      | Reached XP level 4. HP: 25/26 MP: 3/10
  1469 | D:2      | Found an opulent altar of Gozag.
  1477 | D:2      | Found a shadowy altar of Dithmenos.
  1486 | D:2      | Found a hazy altar of Hepliaklqana.
  1618 | D:3      | Noticed kiturien's ghost (amateur TeAE)
  1628 | D:3      | Killed kiturien's ghost
  1628 | D:3      | Gained mutation: You can fly. [Tengu growth]
  1628 | D:3      | Reached XP level 5. HP: 7/30 MP: 5/12
  2395 | D:3      | Reached skill level 5 in Air Magic
  2821 | D:4      | Got a crude spear
  2822 | D:4      | Identified the +2 spear "Killer Bee's Regret" {pierce, +Fly rC+ Dex+7 Stlth+} (You found it on level 4 of the Dungeon)
  2847 | D:4      | Reached XP level 6. HP: 27/35 MP: 8/14
  3047 | D:4      | Reached skill level 6 in Air Magic
  3140 | D:4      | Reached skill level 7 in Air Magic
  3151 | D:4      | Learned a level 4 spell: Airstrike
  3538 | D:4      | Noticed a phantom
  3549 | D:4      | Killed a phantom
  3549 | D:4      | Reached skill level 8 in Air Magic
  3549 | D:4      | Reached XP level 7. HP: 39/39 MP: 3/15
  3733 | D:4      | Found a sacrificial altar of Ru.
  3948 | D:5      | Entered Level 5 of the Dungeon
  3962 | D:5      | Found a hide-covered altar of Uskayaw.
  4134 | D:5      | Reached skill level 5 in Spellcasting
  4228 | D:5      | Shot with an arrow by a centaur

Vault maps used:
D:1:      onia_arrival_mini_maze_b, serial_bayou_pond_d
D:2:      lemuel_coloured_pillars_altar, nicolae_overflow_crystal_walls,
          grunt_temple_overflow_diamond, tso_metal_star, uniq_jessica
D:4:      nicolae_ru_the_path_less_chosen, first_bread
D:5:      old_standard_altar, kennysheep_little_box, okawaru_ov_weapons_minmay

Skill      XL: |  1  2  3  4  5  6  7 |
---------------+----------------------+-----
Spellcasting   | 3 4 5 |  5.2
Air Magic      | 5 8 |  8.1
Dodging        | |  2.3
Stealth        | |  2.0
Conjurations   | |  1.4

Action                   |  1- 3 |  4- 6 |  7- 9 || total
-------------------------+-------+-------+-------++-------
Melee: Kick              |     1 |     6 |    17 ||    24
       Unarmed           |     1 |       |       ||     1
       Long sword        |     1 |    11 |       ||    12
       Spear             |       |    17 |    37 ||    54
       Peck              |       |     3 |     9 ||    12
Throw: Javelin           |     1 |       |       ||     1
 Cast: Shock             |    54 |   129 |    37 ||   220
       Airstrike         |       |     2 |     3 ||     5
  Use: Scroll            |     3 |     2 |       ||     5
       Potion            |     2 |       |       ||     2
  Eat: Chunk             |       |     9 |     2 ||    11
Armor: Robe              |       |     3 |       ||     3
Dodge: Dodged            |     4 |    24 |     3 ||    31
Block: Other             |       |     8 |     1 ||     9
       Rpst.: Long sword |       |     4 |       ||     4

Table legend:
 A = Spawn XP
 B = Non-spawn XP
 C = Spawn XP percentage of total XP
 D = Spawn monster count
 E = Non-spawn monster count
 F = Spawn count percentage of total count
 G = Total turns spent on level
                    A         B        C        D         E        F      G
               +---------+---------+-------+---------+---------+-------+---------
         Total |       0 |     833 |   0.0 |       0 |      93 |   0.0 |  4228
               +---------+---------+-------+---------+---------+-------+---------
           D:1 |       0 |      34 |   0.0 |       0 |      20 |   0.0 |   840
           D:2 |       0 |      82 |   0.0 |       0 |      14 |   0.0 |   772
           D:3 |       0 |     158 |   0.0 |       0 |      29 |   0.0 |  1183
           D:4 |       0 |     446 |   0.0 |       0 |      16 |   0.0 |  1153
           D:5 |       0 |     113 |   0.0 |       0 |      14 |   0.0 |   280
               +---------+---------+-------+---------+---------+-------+---------
